 Dungeon Crawl Stone Soup version 0.18-a0-116-g2d311b1 (webtiles) character file.

35 Proton the Skirmisher (level 3, -1/34 HPs)
             Began as a Naga Fighter on Nov 17, 2015.
             Slain by a goblin (3 damage)
             ... on level 2 of the Dungeon.
             The game lasted 00:01:41 (572 turns).

Proton the Skirmisher (Naga Fighter)                 Turns: 572, Time: 00:01:41

Health: -1/34      AC:  6    Str: 19    XL:     3   Next: 35%
Magic:  3/3        EV:  5    Int:  8    God:
Gold:   43         SH:  8    Dex: 10    Spells: 0 memorised, 2 levels left

rFire  . . .     SeeInvis +     a - +0 long sword
rCold  . . .     Clarity  .     b - +0 scale mail
rNeg   . . .     SustAt   .     c - +0 shield
rPois  +         Gourm    .     (no helmet)
rElec  .         Spirit   .     m - +0 cloak
rCorr  .         Warding  .     h - +0 pair of gloves
rMut   .         Stasis   .     (no barding)
MR     .....                    (no amulet)
Stlth  ..........               (no ring)
                                (no ring)

@: lethally poisoned (-1 -> -2), very slow, not resistant to hostile
enchantments, extremely unstealthy
A: see invisible, deformed body, poison resistance, slowness 2, slow metabolism
1, spit poison 2, AC +1
a: Spit Poison


You were on level 2 of the Dungeon.
You were not hungry.

You visited 1 branch of the dungeon, and saw 2 of its levels.

You collected 43 gold pieces.

Inventory:

Hand Weapons
 a - a +0 long sword (weapon)
Armour
 b - a +0 scale mail (worn)
 c - a +0 shield (worn)
 h - a +0 pair of gloves (worn)
 m - a +0 cloak (worn)
Scrolls
 f - 2 scrolls of amnesia {unknown}
 g - 3 scrolls of teleportation {unknown}
 k - 2 scrolls of identify {unknown}
Potions
 d - a potion of might
 i - a potion of resistance {unknown}
Comestibles
 e - 3 bread rations
 j - 3 fruits


   Skills:
 + Level 3.2 Fighting
 + Level 2.2 Long Blades
 + Level 2.7 Armour
 + Level 0.5 Dodging
 + Level 1.6 Stealth
 + Level 2.6 Shields


You had 2 spell levels left.
You didn't know any spells.

Dungeon Overview and Level Annotations

Branches:
Dungeon (2/15)

Altars:


Innate Abilities, Weirdness & Mutations

You cannot wear boots.
Your serpentine skin is tough (AC +1).
You have supernaturally acute eyesight.
Armour fits poorly on your strangely shaped body.
Your system is resistant to poisons.
You cover ground very slowly.
You have a slow metabolism.
You can spit poison.


Message History

You kill the adder!
The adder bites you but does no damage. The kobold hits you but does no damage.
You block the goblin's attack.
The kobold throws a stone.
The stone hits you but does no damage.
You feel sick. The goblin barely misses you. You block the kobold's attack.
You block the adder's attack. The kobold completely misses you.
You see here an adder corpse.
You miss the kobold. The goblin barely misses you.
The adder bites you but does no damage. The kobold hits you with a short sword.
* * * LOW HITPOINT WARNING * * *
The adder bites you but does no damage. The goblin barely misses you.
The kobold hits you but does no damage.
A kobold comes into view. It is wielding a short sword.
Read which item? (? for menu, Esc to quit)
As you read the scroll labeled RUAVUUWNUM, it crumbles to dust.
You feel aware of your surroundings.
You sensed 2 altars.
It was a scroll of magic mapping.
The kobold shouts!
The adder bites you but does no damage. The goblin hits you.
You die...

.#.###########.#,********,,,,,,,,
................,,,,,,,,,,,,,,,,,
.#.#.#####.###.#,*,**,**,,,,,,,,,
.#.#.........#.#,,,,,,**,,,,,,,,,
.........#.#.#.###.###**,,,,,,,,,
.#.........#........$.,,,,,,,,,,,
########.#####†#**,***,,,,,,,,,,,
.............#(###+###.K,,,,*****
##.(.###..##...S@K.(....,,,,*
*..,,,*##......Kg.......,,,,*
*,,,,,* #.#######.....?#***,*
*,,,,,* #.#*,,,**......# **+**
*,,,,,* #.#,,,,,*......# *,,,*
*,,,,,* #.#,,,,,*......# *,,,*
*,,,,,* #.#,,,,,*......# *,,,*
*,,,,,* #.#*,,,**...?..# *,,,*
*,,,,,* #.***,***,,,,,,* *,,,*


You could see an adder, a goblin and 3 kobolds.

Vanquished Creatures
  2 adders (D:2)
  A worm (D:2)
  A bat (D:1)
  2 giant cockroaches
  3 goblins (D:1)
  2 hobgoblins (D:1)
  A quokka (D:2)
  2 giant newts
  A kobold (D:1)
15 creatures vanquished.

Notes
Turn   | Place    | Note
--------------------------------------------------------------
     0 | D:1      | Proton the Naga Fighter began the quest for the Orb.
     0 | D:1      | Reached XP level 1. HP: 21/21 MP: 1/1
   224 | D:1      | Reached XP level 2. HP: 26/28 MP: 2/2
   226 | D:1      | Reached skill level 1 in Stealth
   539 | D:2      | Reached XP level 3. HP: 21/34 MP: 3/3
   572 | D:2      | Slain by a goblin

Vault maps used:
D:1:      co_arrival_square_in_a_square_in_a_square, moated_statue
D:2:      gammafunk_temple_overflow_statue, first_bread,
          minmay_misc_feat_enclosed

Action                   || total
-------------------------++-------
Melee: Long sword        ||    89
  Use: Scroll            ||     1
